 Dungeon Crawl Stone Soup version 0.25-a0-294-gea9b1ad (webtiles) character file.

Game seed: 13859922587391396075, levelgen mode: deterministic

3864 MrTaco21 the Fighter (level 10, 0/70 HPs)
             Began as a Gargoyle Fighter on Dec 16, 2019.
             Was an Initiate of Gozag.
             Killed from afar by Maurice (5 damage)
             ... with a bolt of acid
             ... on level 8 of the Dungeon.
             The game lasted 00:26:46 (8666 turns).

MrTaco21 the Fighter (Gargoyle Fighter)             Turns: 8666, Time: 00:26:47

Health: 0/70       AC: 16    Str: 23    XL:     10   Next: 19%
Magic:  10/10      EV:  3    Int:  9    God:    Gozag
Gold:   303        SH: 14    Dex:  9    Spells: 9/9 levels left

rFire    + . .     SeeInvis .   I - +0 flail (crush)
rCold    . . .     Gourm    .   y - +0 large shield
rNeg     + . .     Faith    .   M - +0 chain mail
rPois    ∞         Spirit   .   m - +0 helmet
rElec    +         Reflect  .   l - +1 cloak {+Inv}
rCorr    .         Harm     .   H - +0 pair of gloves
MR       .....                  (no boots)
Stlth    ..........             E - amulet of the acrobat
HPRegen  0.21/turn              i - ring of protection from fire
MPRegen  0.12/turn              (no ring)

@: corroded, gold aura
A: negative energy resistance 1, electricity resistance, unbreathing,
petrification resistance, rot immunity, AC +7
a: Potion Petition, Call Merchant, Bribe Branch, Renounce Religion, Evoke
Invisibility


You were on level 8 of the Dungeon.
You worshipped Gozag.
Gozag was aware of your devotion.
You were not hungry.

You visited 1 branch of the dungeon, and saw 8 of its levels.

You collected 397 gold pieces.
You paid 94 gold pieces to Gozag.

Inventory:

Hand Weapons
 I - a +0 flail of crushing (weapon)
   (You took it off an orc on level 6 of the Dungeon)
Missiles
 F - 2 throwing nets (quivered) {!f}
Armour
 b - a scarf of resistance
   (You found it on level 8 of the Dungeon)
 l - a +1 cloak of invisibility (worn)
   (You took it off Crazy Yiuf on level 3 of the Dungeon)
 m - a +0 helmet (worn)
   (You found it on level 2 of the Dungeon)
 y - a +0 large shield (worn)
   (You found it on level 4 of the Dungeon)
 H - a +0 pair of gloves (worn)
   (You found it on level 6 of the Dungeon)
 M - a +0 chain mail (worn)
   (You took it off an orc on level 6 of the Dungeon)
Jewellery
 i - a ring of protection from fire (left hand)
   (You found it on level 1 of the Dungeon)
 E - an amulet of the acrobat (around neck)
   (You found it on level 5 of the Dungeon)
Wands
 c - a wand of clouds (2)
   (You found it on level 4 of the Dungeon)
 t - a wand of flame (36)
   (You found it on level 7 of the Dungeon)
 u - a wand of paralysis (8)
   (You found it on level 2 of the Dungeon)
 x - a wand of acid (10)
   (You found it on level 5 of the Dungeon)
Scrolls
 a - a scroll of vulnerability {unknown}
 f - a scroll of amnesia {unknown}
 j - 7 scrolls of identify {@r1}
 k - 3 scrolls of blinking {unknown}
 n - 2 scrolls of noise {unknown}
 p - 3 scrolls of enchant weapon {unknown}
 q - 6 scrolls of remove curse {@r2}
 s - a scroll of fog {unknown}
 v - a scroll of immolation {unknown}
 C - 3 scrolls of random uselessness {unknown}
 G - a scroll of acquirement {unknown}
 K - 2 scrolls of enchant armour {unknown}
 L - a scroll of magic mapping {unknown}
Potions
 d - 3 potions of might
 g - 4 potions of curing {unknown}
 h - 2 potions of agility {unknown}
 o - 2 potions of brilliance {unknown}
 r - a potion of mutation {unknown}
 w - a potion of resistance {unknown}
 z - a potion of degeneration {unknown}
 A - 3 potions of ambrosia {unknown}
 B - a potion of invisibility {unknown}
 D - a potion of flight {unknown}
 J - 2 potions of heal wounds {unknown}
Comestibles
 e - 9 rations {!d}


   Skills:
 + Level 11.4 Fighting
 + Level 10.3 Maces & Flails
 - Level 3.2 Armour
 - Level 3.2 Shields


You had 9 spell levels left.
You didn't know any spells.
Your spell library contained the following spells:

 Spells                   Type           Power        Failure   Level  Hunger
 Confusing Touch          Hex            #.....       100%        1    ##.....
 Confuse                  Hex            #.......     100%        3    ####...
 Gell's Gravitas          Tloc           #.........   100%        3    ####...
 Petrify                  Tmut/Erth      #.......     100%        4    #####..
 Metabolic Englaciation   Hex/Ice        #.........   100%        5    ######.
 Yara's Violent Unravell  Hex/Tmut       #.........   100%        5    ######.


Dungeon Overview and Level Annotations

Branches:
Dungeon (8/15)             Temple (0/1) D:7
   Lair: D:8-11

Altars:
Cheibriados
Gozag
Makhleb
Okawaru
Qazlal
Trog
Vehumet
Wu Jian
Xom
Yredelemnul
The Shining One

Shops:
D:6 [   D:7 ?

Annotations:
D:8 Maurice


Innate Abilities, Weirdness & Mutations

You are resistant to torment.
Your stone body is resilient. (AC +7)
You are immune to poison.
You resist negative energy. (rN+)
You are resistant to electric shocks. (rElec)
You can survive without breathing.
You are immune to petrification.
You are immune to rotting.


Message History

The killer bee stings you but does no damage.
You block the killer bee's attack.
The killer bee stings you but does no damage.
You miss the killer bee.
The killer bee stings you but does no damage. x2
You block the killer bee's attack.
The killer bee stings you but does no damage.
You closely miss the killer bee. The killer bee stings you.
You block the killer bee's attack.
The killer bee stings you but does no damage.
You block the killer bee's attack.
You sock the killer bee! You block the killer bee's attack.
The killer bee stings you but does no damage. x2
You block the killer bee's attack. The killer bee barely misses you.
You closely miss the killer bee. You block the killer bee's attack.
The killer bee stings you but does no damage. x2
The phantom blinks!
You sock the killer bee!
You kill the killer bee!
You block the killer bee's attack.
The killer bee stings you but does no damage.
Maurice gestures wildly while chanting.
Maurice blinks!
You closely miss the phantom.
The killer bee stings you but does no damage.
The killer bee stings you. You block the phantom's attack.
You block the killer bee's attack.
You sock the phantom! The killer bee stings you.
The phantom hits you but does no damage.
You closely miss the phantom.
The killer bee stings you but does no damage.
You block the killer bee's attack.
The phantom hits you but does no damage.
You block the killer bee's attack.
You barely miss the phantom. You block the killer bee's attack.
The phantom becomes distracted by the nearby gold, dreaming of imaginary riches.
Maurice zaps a wand.
The bolt of acid hits you. The acid corrodes you!
You are splashed with acid!
You block the killer bee's attack.
You sock Maurice! The killer bee stings you. You block the killer bee's attack.
Maurice zaps a wand.
The bolt of acid hits you!!
* * * LOW HITPOINT WARNING * * *
The acid corrodes you!
You are splashed with acid!
* * * LOW HITPOINT WARNING * * *
You block the killer bee's attack.
Maurice zaps a wand.
The bolt of acid hits you.
You die...
Your body crumbles into a pile of gold.

####...#......+............#
......##.....##........[..##
......##.....##...........#
..##...#.....##########...#
'###..##.....##..######)..##.....
..##..##.....##...#...))...#.....
......##...))##...#........#.....
.............+.@W.#........#..##.
..##.........##$@##.###...##..##.
..##.........###y##'###...##.....
...#...........Zh..yh.Z..........
...#............................/
..##..##..##.###....###...##.....
..##..##..##'###....########..##.
.......#................ .....##+
..##...#..................##..#
####......###......####.) ####


You could see Maurice, a phantom, a black bear, a killer bee and an adder
skeleton.

Vanquished Creatures
  Joseph (D:7)
  Duvessa (D:7)
  A water moccasin (D:7)
  An ice beast (D:7)
  2 orc warriors
  A sky beast (D:6)
  3 ogres (D:6)
  2 necrophages
  2 black bears
  An eye of draining (D:4)
  2 phantoms
  3 centaurs
  2 wyvern zombies
  3 bullfrogs
  A water moccasin zombie (D:5)
  Dowan (D:7)
  A scorpion (D:8)
  4 killer bees (D:8)
  A howler monkey (D:5)
  3 wights (D:6)
  4 crimson imps
  A quasit (D:6)
  3 hounds
  A bullfrog skeleton (D:6)
  2 orc priests
  Crazy Yiuf (D:3)
  A jelly (D:7)
  5 orc wizards
  A centaur skeleton (D:5)
  Jessica (D:2)
  Natasha (twice) (D:2)
  2 iguanas (D:6)
  2 worker ants
  2 hound skeletons
  A worker ant zombie (D:5)
  A gnoll (D:1)
  9 adders
  A shadow imp (D:5)
  3 oozes
  An adder zombie (D:5)
  An adder skeleton (D:5)
  3 worms
  A dart slug (D:1)
  7 leopard geckos
  37 orcs
  3 giant cockroaches
  2 gnoll zombies (D:5)
  8 goblins
  13 hobgoblins
  3 jackals
  A quokka (D:8)
  A ball python (D:3)
  13 bats
  5 frilled lizards
  A jackal skeleton (D:4)
  A jackal zombie (D:5)
  8 kobolds
  6 rats
194 creatures vanquished.

Vanquished Creatures (others)
  23 fungi (D:8)
  3 plants (D:8)
26 creatures vanquished.

Grand Total: 220 creatures vanquished

Notes
Turn   | Place    | Note
-------+----------+-------------------------------------------
     0 | D:1      | MrTaco21 the Gargoyle Fighter began the quest for the Orb.
     0 | D:1      | Reached XP level 1. HP: 14/14 MP: 1/1
   157 | D:1      | Reached XP level 2. HP: 19/19 MP: 2/2
   409 | D:1      | Reached XP level 3. HP: 24/24 MP: 3/3
   453 | D:1      | Reached skill level 4 in Fighting
   801 | D:2      | Found an iron altar of Okawaru.
   823 | D:2      | Noticed Jessica
   839 | D:2      | Killed Jessica
   839 | D:2      | Reached XP level 4. HP: 28/30 MP: 4/4
  1160 | D:2      | Found a shimmering altar of Xom.
  1166 | D:2      | Found a shimmering altar of Xom.
  1166 | D:2      | Found a shimmering altar of Xom.
  1166 | D:2      | Found a shimmering altar of Xom.
  1167 | D:2      | Found a shimmering altar of Xom.
  1167 | D:2      | Found a shimmering altar of Xom.
  1200 | D:2      | Noticed Natasha
  1213 | D:2      | Killed Natasha
  1213 | D:2      | Reached XP level 5. HP: 19/34 MP: 5/5
  1397 | D:2      | Found a burning altar of Makhleb.
  1398 | D:2      | Found a shimmering altar of Xom.
  1525 | D:2      | Noticed Natasha
  1531 | D:2      | Killed Natasha
  1531 | D:2      | Reached skill level 5 in Fighting
  2345 | D:3      | Noticed a necrophage
  2355 | D:3      | Killed a necrophage
  2355 | D:3      | Reached XP level 6. HP: 38/41 MP: 6/6
  2575 | D:3      | Found a runed translucent door.
  2576 | D:3      | Noticed Crazy Yiuf
  2707 | D:3      | Killed Crazy Yiuf
  2707 | D:3      | Reached skill level 6 in Fighting
  2707 | D:3      | Reached skill level 5 in Maces & Flails
  2819 | D:4      | Found a bloodstained altar of Trog.
  2819 | D:4      | Noticed an eye of draining
  2842 | D:4      | Killed an eye of draining
  2842 | D:4      | Reached XP level 7. HP: 46/47 MP: 0/7
  3554 | D:5      | Entered Level 5 of the Dungeon
  3670 | D:5      | Reached skill level 7 in Fighting
  3885 | D:5      | Reached XP level 8. HP: 48/53 MP: 8/8
  4015 | D:5      | Found a bloodstained altar of Trog.
  4119 | D:5      | Found a basalt altar of Yredelemnul.
  4460 | D:6      | Reached skill level 8 in Fighting
  4744 | D:6      | You fall into a shaft and drop 2 floors!
  4744 | D:8      | Noticed Maurice
  4852 | D:7      | Noticed a two-headed ogre
  4864 | D:7      | Noticed Dowan
  4866 | D:7      | Noticed Duvessa
  4868 | D:7      | Found an opulent altar of Gozag.
  4896 | D:6      | Reached skill level 9 in Fighting
  5331 | D:6      | Reached XP level 9. HP: 44/60 MP: 9/9
  5604 | D:6      | Found an ornate altar of the Wu Jian Council.
  6297 | D:6      | Found Favvaet's Armour Emporium.
  6596 | D:7      | Reached skill level 10 in Fighting
  7406 | D:7      | Killed Dowan
  7420 | D:7      | Killed Duvessa
  7850 | D:7      | Found Jysa's Magic Scroll Boutique.
  7862 | D:7      | Noticed Joseph
  7870 | D:7      | Killed Joseph
  8083 | D:7      | Found a staircase to the Ecumenical Temple.
  8119 | D:7      | Became a worshipper of Gozag Ym Sagoz the Greedy
  8340 | D:8      | Reached skill level 11 in Fighting
  8341 | D:8      | Found a radiant altar of Vehumet.
  8349 | D:8      | Reached skill level 10 in Maces & Flails
  8349 | D:8      | Reached XP level 10. HP: 54/69 MP: 10/10
  8488 | D:8      | Found a stormy altar of Qazlal.
  8488 | D:8      | Found a glowing golden altar of the Shining One.
  8561 | D:8      | Found a snail-covered altar of Cheibriados.
  8666 | D:8      | Killed from afar by Maurice

Levels and vault maps discovered:
D:1:      dpeg_arrival_chase, layout_loops_cross
D:2:      layout_basic, gammafunk_temple_overflow_pools,
          overflow_temple_1_default, first_ration, xom_redecorated,
          uniq_jessica, uniq_natasha
D:3:      layout_basic, minmay_goblin_kobold_house, uniq_crazy_yiuf_cottage
D:4:      layout_rooms, trog_eyes_of_draining
D:5:      layout_loops_ring, lemuel_zombie_altar_yredelemnul, trog_hazing_becter
D:6:      layout_loops_corners, marbit_many_paths, serial_shops,
          nicolae_shop_behind_doors
D:7:      layout_loops_ring, nicolae_gozag_seed_capital,
          minmay_temple_entry_poolview, serial_shops, nicolae_shop_statue_plus,
          uniq_duvessa, uniq_joseph
D:8:      layout_gridville, old_standard_altar, vehumet_altar_wand_db,
          gammafunk_temple_overflow_wave, kennysheep_mini_moat,
          due_lair_maze_entry_diamond, uniq_grum, uniq_maurice

Skill      XL: |  1  2  3  4  5  6  7  8  9 |
---------------+----------------------------+-----
Fighting       | 4 5 6 7 9 11 | 11.4
Maces & Flails | 3 4 5 6 8 10 | 10.3
Armour         | |  3.2
Shields        | |  3.2

Action                   |  1- 3 |  4- 6 |  7- 9 | 10-12 || total
-------------------------+-------+-------+-------+-------++-------
Melee: Flail             |    82 |   247 |   598 |    89 ||  1016
 Abil: Evoke Invisibilit |       |       |     1 |       ||     1
  Use: Scroll            |       |       |     3 |       ||     3
       Potion            |       |       |     1 |       ||     1
  Eat: Chunk             |       |     7 |    13 |       ||    20
       Ration            |       |       |     2 |       ||     2
Armor: Scale mail        |    48 |   128 |   263 |       ||   439
       Chain mail        |       |       |    80 |    91 ||   171
Dodge: Dodged            |    26 |    70 |   150 |    34 ||   280
Block: Shield            |    41 |   138 |    12 |       ||   191
       Large shield      |       |       |   494 |   115 ||   609

Table legend:
 A = Non-vault XP
 B = Vault XP
 C = Vault XP percentage of total XP
 D = Non-vault monster count
 E = Vault monster count
 F = Vault count percentage of total count
                 A         B        C        D         E       F
            +---------+---------+-------+---------+---------+-------
      Total |    4343 |    1178 |  21.3 |     172 |      22 |  11.3
            +---------+---------+-------+---------+---------+-------
        D:1 |      39 |       0 |   0.0 |      17 |       0 |   0.0
        D:2 |     107 |      73 |  40.6 |      25 |       2 |   7.4
        D:3 |     236 |      44 |  15.7 |      33 |       3 |   8.3
        D:4 |     123 |     127 |  50.8 |      12 |       3 |  20.0
        D:5 |     646 |      13 |   2.0 |      17 |       8 |  32.0
        D:6 |    1704 |     118 |   6.5 |      34 |       1 |   2.9
        D:7 |     668 |     682 |  50.5 |      14 |       3 |  17.6
        D:8 |     820 |     121 |  12.9 |      20 |       2 |   9.1
            +---------+---------+-------+---------+---------+-------
